Cogmind - Beta 15 @@@ ROGUE MODE // 2025.07.15 @ 10:06:26 Player: Surreal Result: Destroyed by WT-8B4(h) with Bolt Gun Performance ------------- Evolutions (0) 0 Regions Visited (3) 600 Robots Destroyed (10) 50 Value Destroyed (379) 379 Prototype IDs (1) 20 Alien Tech Used (0) 0 Bonus (800) 800 TOTAL SCORE: 1849 Bonus ------- Registered with UFD 300 Met Optimus in HQ 500 Cogmind --------- Core Integrity 0/250 Matter 300/300 Energy 84/100 System Corruption 1% Temperature Warning (351) Movement Walking (100) Location -9/Scraptown Parts ------- > --- POWER (1) -------- (None) > --- PROPULSION (2) --- Overtuned Titanium Leg Overtuned Titanium Leg > --- UTILITY (2) ------ Scrap Suit > --- WEAPON (2) ------- (None) > --- INVENTORY (5) ---- Improved Ion Engine VTOL Module Weapon Cycler Peak State ------------ > --- POWER ------------ Light Deuterium Engine > --- PROPULSION ------- Overtuned Titanium Leg Overtuned Titanium Leg > --- UTILITY ---------- Scrap Suit > --- WEAPON ----------- Overtuned Pulse Rifle Gauss Rifle > --- INVENTORY -------- Improved Ion Engine VTOL Module Weapon Cycler Light EM Pulse Cannon [Rating: 25] Favorites ----------- Power Ion Engine Engine Ion Engine Propulsion Wheel Treads Improved Treads Leg Overtuned Titanium Leg Wheel Wheel Flight Unit Nuclear Pulse Thruster Utility Signal Interpreter Device Subdweller Optics Processor Signal Interpreter Protection Propulsion Shielding Weapon EM Pulse Gun Energy Gun EM Pulse Gun Energy Cannon Light EM Pulse Cannon Ballistic Gun Gauss Rifle Special Weapon CPS Tube Build | -11 -10 -10 -9 ------- Run | Yrd Mat Sub Scr Slots Evolved . | . . . . Power . | . . . . Propulsion . | . . . . Utility . | . . . . Weapon . | . . . . Parts Attached 27 | 5 2 3 17 Power 4 | 1 . 1 2 Engine 4 | 1 . 1 2 Core . | . . . . Reactor . | . . . . Propulsion 8 | 2 . . 6 Treads 2 | . . . 2 Leg 2 | . . . 2 Wheel 2 | 2 . . . Hover . | . . . . Flight 2 | . . . 2 Utility 7 | . 2 1 4 Device 3 | . . 1 2 Storage . | . . . . Processor 3 | . 1 . 2 Hackware . | . . . . Protection 1 | . 1 . . Artifact . | . . . . Weapon 8 | 2 . 1 5 Energy Gun 4 | 2 . 1 1 Energy Cannon 2 | . . . 2 Ballistic Gun 1 | . . . 1 Ballistic Cannon . | . . . . Launcher . | . . . . Special Weapon 1 | . . . 1 Impact Weapon . | . . . . Slashing Weapon . | . . . . Piercing Weapon . | . . . . Special Melee Weapon . | . . . . Unidentified Prototypes . | . . . . Parts Lost 4 | . . . 4 Power 1 | . . . 1 Propulsion . | . . . . Utility . | . . . . Weapon 3 | . . . 3 Highest Loss Streak 3 | . . . 3 To Critical Strikes . | . . . . Average Backups 3 | . 2 3 4 Power . | . . . . Propulsion . | . . . . Utility 1 | . . . 2 Weapon 1 | . 1 1 1 Tool/Special . | . . . . Unused Backups 8 | . . 2 6 Power . | . . . . Propulsion 1 | . . 1 . Utility 4 | . . . 4 Weapon 3 | . . 1 2 Tool/Special . | . . . . Average Slot Usage (%) 97 | . 74 100 98 Engine 13 | . 14 14 13 Treads 4 | . . . 5 Leg 1 | . . . 2 Wheel 21 | . 28 28 19 Device 3 | . . 12 2 Processor 21 | . 2 14 24 Energy Gun 15 | . 28 28 12 Energy Cannon 3 | . . . 3 Special Weapon 8 | . . . 10 Peak Build Rating 25 | 5 7 8 25 Average Rating 11 | 3 5 7 13 On Entrance 5 | . 5 7 8 Naked Turns . | . . . . Heaviest Build 19 | 7 8 10 19 Greatest Support 46 | 20 20 20 46 Greatest Overweight (x) . | . . . . Average Overweight (x) . | . . . . Largest Inventory Capacity 5 | 5 5 5 5 Average Capacity 5 | 5 5 5 5 Most Carried 5 | 2 4 5 5 Average Carried 4 | . 2 3 4 Final Capacity 5 | 5 5 5 5 Final Carried 3 | 1 3 3 3 Class Distribution -------------------- 77% | Mutant 16% | Derelict-Mutant 3% | Scavenger-Scrapper 3% | Scrapper Dominant Class ---------------- Mutant | -10/Materials Mutant | -10/Subcaves Mutant | -9/Scraptown Resources | -11 -10 -10 -9 ----------- Run | Yrd Mat Sub Scr Matter Collected 525 | 250 . 50 225 Remotely . | . . . . Salvage Created 464 | 48 16 118 282 Parts 20 | . 2 5 13 Haulers Intercepted . | . . . . Recyclers Shooed . | . . . . Parts Field Recycled . | . . . . Retrieved Matter . | . . . . Parts Self-Destructed 11 | . . 11 . Prevented . | . . . . Kills | -11 -10 -10 -9 ------- Run | Yrd Mat Sub Scr Combat Hostiles Destroyed 8 | 1 . 2 5 Guns 5 | 1 . 2 2 Cannons 2 | . . . 2 AOE 1 | . . . 1 Classes Destroyed 7 | 1 1 2 3 Operator 1 | . 1 . . Turret 1 | . . 1 . Grunt 1 | 1 . . . Subdweller 2 | . . 2 . Federalist 1 | . . . 1 Explorer 1 | . . . 1 Scrapper 3 | . . . 3 Best Kill Streak 3 | 1 2 2 3 Combat Bots Only 3 | 1 . 2 3 Max Kills in Single Turn 2 | 1 1 2 1 Gunslinging 1 | . . 1 . Exploded 1 | . . . 1 Melee . | . . . . Uniques/NPCs Destroyed . | . . . . Combat | -11 -10 -10 -9 -------- Run | Yrd Mat Sub Scr Hostile Shots Fired 108 | 1 . . 107 Missed 24 | 1 . . 23 Hits 84 | . . . 84 Melee 8 | . . . 8 Projectile 76 | . . . 76 Critical Strikes 2 | . . . 2 Damage Taken 1276 | . . . 1276 Core 252 | . . . 252 Absorbed by Shields . | . . . . Regen/Repaired (Parts) 16 | . . . 16 Core Remaining (%) 100 | 100 . . . Volleys Fired 35 | 1 1 6 27 Largest 2 | 2 2 2 2 Hottest 112 | 90 90 90 112 Shots Fired 61 | 2 2 8 49 Gun 42 | 2 2 8 30 Cannon 17 | . . . 17 Launcher . | . . . . Special 2 | . . . 2 Kinetic 16 | . . . 16 Thermal 18 | 1 1 2 14 Explosive . | . . . . Electromagnetic 25 | 1 1 6 17 Robot Hit Streak 17 | 1 2 6 17 Robot Miss Streak 4 | . . 1 4 Penetration Max 1 | . . . 1 Secondary Targets 2 | . . 1 1 Max Gunslinging Chain 1 | . . 1 1 Shots Hit Robots 45 | 1 1 7 36 Core Hits 17 | 1 1 3 12 Critical Kills . | . . . . Critical Parts Destroyed . | . . . . Critical Strikes 5 | . . . 5 Burn 4 | . . . 4 Corrupt 1 | . . . 1 Melee Attacks . | . . . . Impact . | . . . . Slashing . | . . . . Piercing . | . . . . Sneak Attacks . | . . . . Combat Hostiles . | . . . . Follow-up Attacks . | . . . . Damage Inflicted 851 | 15 16 80 740 Guns 574 | 15 16 80 463 Cannons 227 | . . . 227 Explosions 44 | . . . 44 Melee . | . . . . Ramming 6 | . . . 6 Kinetic 243 | . . . 243 Thermal 289 | . . 25 264 Explosive . | . . . . Electromagnetic 313 | 15 16 55 227 Impact . | . . . . Slashing . | . . . . Piercing . | . . . . Highest Corruption 1 | . . . 1 Average Corruption 1 | . . . 1 Corruption Purged . | . . . . Corruption Blocked . | . . . . Overload Shots . | . . . . Overflow Damage 8 | . . . 8 Projectiles 8 | . . . 8 Explosions . | . . . . Melee . | . . . . Knockbacks . | . . . . Impact . | . . . . Kinetic . | . . . . Secondary . | . . . . Self-Inflicted Damage 40 | . . . 40 Shots 1 | . . . 1 Rammed . | . . . . Targets Rammed 1 | . . . 1 Kicked 1 | . . . 1 Crushed . | . . . . Highest Temperature 358 | 30 30 . 358 Average Temperature 144 | 17 17 . 150 Received Heat Transfer 590 | . . . 590 Effects 1 | . . . 1 Short Circuit 1 | . . . 1 Siege Activations . | . . . . Martial Activations . | . . . . Shielding Activations . | . . . . Robots Disrupted . | . . . . Combat Hostiles . | . . . . Robots Corrupted . | . . . . Combat Hostiles . | . . . . Parts Fried . | . . . . Impact Corruptions . | . . . . Robots Melted . | . . . . Combat Hostiles . | . . . . Parts Melted 6 | . . . 6 Heat Transferred 985 | . . 74 911 Parts Sabotaged . | . . . . Parts Stolen . | . . . . Parts Stripped . | . . . . Power Chain Reactions 1 | . . . 1 Alert | -11 -10 -10 -9 ------- Run | Yrd Mat Sub Scr Maximum Alert Level . | . . . . Low Security (%) 100 | 100 100 . . Level 1 . | . . . . Level 2 . | . . . . Level 3 . | . . . . Level 4 . | . . . . Level 5 . | . . . . High Security . | . . . . Max Security . | . . . . Peak Influence 20 | 20 11 . . Initial 6 | . 6 . . Average 2 | 3 1 . . Influence Increases 112 | 20 12 80 . Destroy 0b10 Robot/C 40 | 20 . 20 . Destroy 0b10 Robot/NC 5 | . 5 . . Successful Hack 7 | . 7 . . Lose Combat Pursuer 60 | . . 60 . Influence Decreases 112 | 10 15 87 . Entered New Map 8 | . 4 4 . Time Decay 104 | 10 11 83 . Squads Dispatched 1 | . 1 . . Investigation . | . . . . Extermination . | . . . . Reinforcement 1 | . 1 . . Assault . | . . . . Garrison . | . . . . Intercept . | . . . . Searches Triggered . | . . . . Construction Impeded . | . . . . Haulers Reinforced . | . . . . Active Scanning Responses . | . . . . Cargo Convoy Interrupts . | . . . . Stealth | -11 -10 -10 -9 --------- Run | Yrd Mat Sub Scr Distress Signals . | . . . . Communications Jammed . | . . . . Distress Signals . | . . . . Times Spotted 36 | 1 1 9 25 Peak Tracking Total 5 | 1 1 2 5 Tactical Retreats 1 | . . 1 . Traps | -11 -10 -10 -9 ------- Run | Yrd Mat Sub Scr Traps Triggered . | . . . . Indirectly . | . . . . Trap Hack Attempts . | . . . . Triggered . | . . . . Disarmed . | . . . . Reprogrammed . | . . . . Reused . | . . . . Traps Extracted . | . . . . Installed . | . . . . Triggered . | . . . . Machines | -11 -10 -10 -9 ---------- Run | Yrd Mat Sub Scr Machines Disabled 2 | . . . 2 Max in Single Turn 1 | . . . 1 Machines Repaired . | . . . . Machines Dismantled . | . . . . Machines Sabotaged . | . . . . Overloaded Fab Kills . | . . . . Hacking | -11 -10 -10 -9 --------- Run | Yrd Mat Sub Scr Machines Accessed 11 | . 1 1 9 Terminals 1 | . 1 . . Fabricators . | . . . . Repair Stations . | . . . . Recycling Units . | . . . . Scanalyzers . | . . . . Garrison Access . | . . . . Total Hacks 86 | . 3 3 80 Successful 85 | . 2 3 80 Failed 1 | . 1 . . Catastrophic . | . . . . Database Lockouts . | . . . . Manual 1 | . . 1 . Terminals 3 | . 3 . . Fabricators . | . . . . Repair Stations . | . . . . Recycling Units . | . . . . Scanalyzers . | . . . . Garrison Access . | . . . . Terminal Hacks 85 | . 2 3 80 Record 78 | . . 3 75 Robot Analysis 5 | . . . 5 Dispatch Records 1 | . 1 . . Patrol Status 1 | . 1 . . Fabricator Hacks . | . . . . Repair Station Hacks . | . . . . Recycling Unit Hacks . | . . . . Scanalyzer . | . . . . Garrison Access Hacks . | . . . . Unauthorized Hacks . | . . . . Terminals . | . . . . Fabricators . | . . . . Repair Stations . | . . . . Recycling Units . | . . . . Scanalyzers . | . . . . Garrison Access . | . . . . Data Cores Recovered . | . . . . Used . | . . . . Hacking Detections 1 | . 1 . . Full Trace Events . | . . . . Feedback Events . | . . . . Feedback Blocked . | . . . . Robot Schematics Acquired . | . . . . Robots Built . | . . . . Authchips . | . . . . Time . | . . . . Total Robot Build Rating . | . . . . Part Schematics Acquired . | . . . . Parts Built . | . . . . Authchips . | . . . . Time . | . . . . Total Part Build Rating . | . . . . Parts Repaired . | . . . . Time . | . . . . Parts Recycled . | . . . . Recycled Matter . | . . . . Retrieved Matter . | . . . . Retrieved Components . | . . . . Parts Scanalyzed . | . . . . Part Schematics Acquired . | . . . . Parts Damaged . | . . . . Bothacking | -11 -10 -10 -9 ------------ Run | Yrd Mat Sub Scr Used RIF Installer . | . . . . Robots Hacked . | . . . . Non-combat . | . . . . Combat . | . . . . Robot Hacks Applied . | . . . . Relay Couplers Released . | . . . . Fabnet Peak Effective % . | . . . . Robots Rewired . | . . . . Allies Hacked . | . . . . Hacks Repelled . | . . . . Allies | -11 -10 -10 -9 -------- Run | Yrd Mat Sub Scr Total Allies . | . . . . Largest Group . | . . . . Highest-Rated Group . | . . . . Highest-Rated Ally . | . . . . Total Orders . | . . . . Ally Attacks . | . . . . Total Damage . | . . . . Kills . | . . . . Allies Corrupted . | . . . . Allies Melted 2 | . . . 2 Intel | -11 -10 -10 -9 ------- Run | Yrd Mat Sub Scr Active Infowar (turns) 529 | . . 338 191 Optics 529 | . . 338 191 Robot Analysis Total 5 | . . . 5 Derelict Logs Recovered 2 | . . 1 1 Drone Launches . | . . . . Drone Recoveries . | . . . . Exploration | -11 -10 -10 -9 ------------- Run | Yrd Mat Sub Scr Turns Passed 2747 | 64 176 377 2130 Spaces Moved 2755 | 65 111 391 2188 Core 16 | 16 . . . Treads 254 | . . . 254 Legs 86 | . . . 86 Wheels 2386 | 49 111 391 1835 Hover . | . . . . Flight 13 | . . . 13 Fastest Speed 34 | 50 80 80 34 Average Speed 87 | 72 80 80 89 Slowest Speed 160 | 80 80 80 160 Overloaded Moves . | . . . . Propulsion Burnouts . | . . . . Robots Hopped . | . . . . Potential Cave-ins . | . . . . Cave-ins Triggered . | . . . . Exploration Rate (%) 34 | 7 21 26 85 Regions Visited 3 Branch Regions 2 Pre-discovered Areas 6 | . . 1 5 Known Exits Taken 2 | . 1 1 . Unknown Exits Taken 1 | 1 . . . Scrap Searched 6 | . . . 6 Spaces Dug . | . . . . Terrain Destroyed 4 | . . . 4 Melee . | . . . . Projectile 2 | . . . 2 AOE 2 | . . . 2 Terrain Rammed . | . . . . Walls Destroyed . | . . . . Machines Disabled . | . . . . Actions | -11 -10 -10 -9 --------- Run | Yrd Mat Sub Scr Total 3039 | 79 195 448 2317 Wait 165 | 3 78 37 47 Move 2752 | 64 110 390 2188 Hop . | . . . . Pick Up 34 | 6 4 6 18 Fast Attach 3 | . . . 3 Attach 14 | 5 2 . 7 Detach 2 | . . . 2 Swap 10 | . . 3 7 Drop 23 | . . 6 17 Fire 35 | 1 1 6 27 Melee . | . . . . Ram . | . . . . Kick 1 | . . . 1 Crush . | . . . . Escape Stasis . | . . . . Rewire . | . . . . Trap . | . . . . Miscellaneous . | . . . . Route ------- -11/Scrapyard -10/Materials -10/Subcaves (discovered 4 exits: [*Mat] / *Rec / *Scr x2) -9/Scraptown (discovered 2 exits: *Fac x2) History --------- Turn | Location | Event 2 | -11/Scrapyard | Met Revision 17 49 | -11/Scrapyard | Discovered new exit (range 8) 65 | -11/Scrapyard | Entered Materials 66 | -10/Materials | Met a group of wandering Federalists 182 | -10/Materials | Discovered new exit (range 3) 240 | -10/Materials | Identified exit to Subcaves 241 | -10/Materials | Entered Subcaves 242 | -10/Subcaves | Continued accompanying wandering Federalists (6) 242 | -10/Subcaves | Approached by a straggling Scientist 252 | -10/Subcaves | Ambushed by Subdwellers from Twisted Machinery 272 | -10/Subcaves | Discovered new exit (range 12) 305 | -10/Subcaves | Learned location of Storage (-9) 308 | -10/Subcaves | Build established: Mutant 311 | -10/Subcaves | Visited Clippyterm 316 | -10/Subcaves | Learned Factory fabricator intel 370 | -10/Subcaves | Scientist uncovered a shortcut to Scraptown 412 | -10/Subcaves | Discovered new exit (range 18) 437 | -10/Subcaves | Identified exit to Recycling 444 | -10/Subcaves | Lost 5 allies 482 | -10/Subcaves | Wandering Federalist uncovered a shortcut to Scraptown 511 | -10/Subcaves | Identified exit to Scraptown 618 | -10/Subcaves | Entered Scraptown 951 | -9/Scraptown | Visited UFD Registry 951 | -9/Scraptown | Registered with UFD as "Fissionwalker" 964 | -9/Scraptown | Visited Red Mages 1007 | -9/Scraptown | Visited Cyclists 1019 | -9/Scraptown | Entered Cyclist Reading Room 1049 | -9/Scraptown | Visited TADAMA 1091 | -9/Scraptown | Visited SPCMW 1208 | -9/Scraptown | Discovered new exit (range 11) 1254 | -9/Scraptown | Identified exit to Factory 1443 | -9/Scraptown | Heard Great Nut preacher, LISTEN AND RECITE! 1444 | -9/Scraptown | Visited Comm Corps 1508 | -9/Scraptown | Visited Fellowship of the Rings 1581 | -9/Scraptown | Scanned Subdweller tech in exchange for log data 1612 | -9/Scraptown | Guru changed UFD alias to "Steamkit" 1714 | -9/Scraptown | Visited Cartography Club 1739 | -9/Scraptown | Found Surveybot 17 Chip 1924 | -9/Scraptown | Learned location of Lower Caves (-6) 1924 | -9/Scraptown | Learned location of Warlord (-4) 1924 | -9/Scraptown | Learned 16 Factory zone layouts 1924 | -9/Scraptown | Learned 24 Factory zone layouts 1924 | -9/Scraptown | Learned 16 Lower Caves zone layouts 1924 | -9/Scraptown | Learned 16 Proximity Caves zone layouts 1924 | -9/Scraptown | Learned location of 1 exit from Factory 1924 | -9/Scraptown | Learned 20 Proximity Caves zone layouts 1924 | -9/Scraptown | Learned location of 2 exits from Proximity Caves 1963 | -9/Scraptown | Visited Analyses Database 2017 | -9/Scraptown | Found Scrap Suit 2050 | -9/Scraptown | Discovered exit to Factory (range 5) 2102 | -9/Scraptown | Visited DA-N13 Charitable Foundation 2114 | -9/Scraptown | Found DCF Scrap (31 items) 2181 | -9/Scraptown | Visited Observation Area 2291 | -9/Scraptown | Met Optimus 2291 | -9/Scraptown | Accepted into 0bPrime 2380 | -9/Scraptown | Visited Scrap Suit Storage 2426 | -9/Scraptown | Build established: Derelict-Mutant 2479 | -9/Scraptown | Visited Curators Association 2528 | -9/Scraptown | Civil war broke out across Scraptown 2619 | -9/Scraptown | Lost 7 allies 2717 | -9/Scraptown | Core integrity fell below 50% 2743 | -9/Scraptown | Core integrity fell below 20% 2748 | -9/Scraptown | Destroyed by WT-8B4(h) with Bolt Gun Last Messages --------------- 02736_ 4D-INW(g) switches sides. 02736_ Kicked XT-VM2(p). 02739_ Destroyed Imp. Hover Unit. 02740_ Bolt penetrates Wall. 02740_ Ovr. Pulse Rifle destroyed. 02740_ Bolt penetrates Wall. 02742_ Slug penetrates XT-VM2(p). 02743_ Bolt penetrates Wall. 02743_ XT-VM2(p) overheating. 02744_ Ovr. Titanium Leg broken. 02744_ Overheating: Short circuit. 02744_ XT-VM2(p) critical meltdown. 02744_ Critical hit (Burn: +50). 02745_ Bolt penetrates Wall. 02746_ Wall collapses. 02746_ Acquired 11 matter. 02747_ Gauss Rifle destroyed. 02748_ Scrap Suit cannibalized VSS Leg to repair Ovr. Titanium Leg. 02748_ Penetrated by Bolt. Map ----- +----------------------------------------------------+ | | | | | | | | | | | | | | | ?????????????????????????????????????????????????? | | ?????????????????????????????????????????????????? | | ?????????????????????????????????????????????????? | | ?????????????????????????????????????????????????? | | ?????????????????????????????????????????????????? | | ?????????????????????????????????????????????????? | | ?????????????????????????????????????????????????? | | ?????????????????????????????????????????????????? | | ?????????????????????????????????????????????????? | | ?????????????????????????????????????????????????? | | ?????????????????????????????????????????????????? | | ???????????????????????????????#####?????????????? | | ???????????????????????????????#"""#?????????????? | | ###?###############???####?????#" "#?????????????? | | """?#"""##""|##"""#??##= ##????# < #?????????????? | | "" ##"" ##"" ##[!"####!%[ ###### ##????????????? | | "" !!= [[j[=!%[gj #????????????? | | %! **%j!!=%j #????????????? | | ######################h=%@###########????????????? | | ?????????????????????#;! ##??????????????????????? | | ?????????????????????##%%#???????????????????????? | | ??????????????????????#g!#???????????????????????? | | ??????????????????????#!=##??????????????????????? | | ?????????????????#????#%%"#??????????????????????? | | ????????????"""?" "???# !##??????????????????????? | | ##########??? " "???#!%=#########??????????????? | | #""""""""#???" " ?"## #!!%##*[=#??????????????? | | #"" " X "#?#?" " "#" #=/=##[**#??????????????? | | #"" "#?# " " " #" #[%!![[%*#??????????????? | | #""" ""#?# " ##! # ! =[%!#??????????????? | | # #??? ##%["*==%!![[#??????????????? | | # #?????"" ""?##![#[!*!=!!*#??????????????? | | ##### ####??????# "#?#%!%##*#######??????????????? | | ##### ########### ""###!*=#!###############??????? | | """"" """"" ["" ""=/%=[ ## """""""""#??????? | | *% !*%!*%=!= ## "#??????? | | ! =!!=![%! "## """""" "#??????? | | [%&=!* """ "????" "#??????? | | =]= ""# "????" "#??????? | | * !!%!= ! "????" "#??????? | | """"""""""" """" " " ! =% ## """""" "#??????? | | """""""""""""""" """""" = "# " "#??????? | | ### ################ ## """"""""""#??????? | +----------------------------------------------------+ Best States ------------- Heat Dissipation 25 Energy Generation 14 Energy Capacity 265 Matter Stores 300 Matter Capacity 300 Sight Range 21 Terrain Scan Density 10 Propulsion Shielding 33 Weapon Cycling 15 Evasion (%) 55 Targeting Accuracy 8 Recoil Reduction 2 Item Schematics ----------------- None Robot Schematics ------------------ None Fabricated ------------ Nothing Repaired ---------- Nothing Alien Tech Used ----------------- None Achievements -------------- Armchair Analyst Librarian Challenges ------------ None Game ------ Seed MobileDisintegrationSheargun Manual? 0 Play Time 01:06:18 Cumulative 2.7 hours Start 2025.07.15 @ 08:35:21 End 2025.07.15 @ 10:06:26 Sessions 1 Manual Loads 0 Difficulty Rogue Special Mode None Game No. 3 Rogue 3 Adventurer 0 Explorer 0 Win Type - Total 0 Types 0/0/0/0/0/0/0/0/0/0 Lore% 10 Gallery% 5 Achievement% 15 Wizard Run 0 Options --------- Layout 1 ASCII 0 Keyboard 0 Movement Numpad Keybinds 0 Fullscreen 1 Font 24/Terminus Map View 50x35 Zoom Use 0% Tactical HUD 1 Map Filters NONE Filters NONE Steam 1 RUN: 9dc73ae6-dfa7-4fa1-92cb-b2642e0396e6